 Dungeon Crawl Stone Soup version 0.21.1-1-g345015fe64 (webtiles) character file.

37301 RaHiT the Covert (level 13, -1/101 HPs)
             Began as a Vampire Assassin on Feb 24, 2018.
             Was a Follower of Uskayaw.
             Slain by a wolf spider simulacrum (11 damage)
             ... in an ice cave.
             The game lasted 02:02:26 (16200 turns).

RaHiT the Covert (Vampire Assassin)                Turns: 16200, Time: 02:02:26

Health: -1/101     AC:  7    Str: 10    XL:     13   Next: 57%
Magic:  7/7        EV: 24    Int: 17    God:    Uskayaw [*.....]
Gold:   1267       SH:  0    Dex: 17    Spells: 12/12 levels left

rFire    . . .     SeeInvis +   s - +2 dagger (elec)
rCold    . . .     Gourm    .   v - +3 buckler
rNeg     + . .     Faith    .   X - +1 robe {MR+}
rPois    .         Spirit   .   B - +0 helmet
rElec    +         Reflect  .   d - +0 cloak
rCorr    .         Harm     .   (no gloves)
MR       ++...                  z - +0 pair of boots of the Eternal Void {*Drain rElec Regen+ MP-9}
Stlth    +++.......             k - amulet of regeneration
HPRegen  1.06/turn              K - ring of stealth
MPRegen  0.10/turn              L - +5 ring of evasion

@: confused
A: fangs 3, see invisible, unbreathing
a: Bat Form, Stomp, Renounce Religion


You were in an ice cave.
You worshipped Uskayaw.
Uskayaw was noncommittal.
You were not thirsty.

You visited 4 branches of the dungeon, and saw 15 of its levels.
You also visited: Ice Cave.

You collected 1267 gold pieces.

Inventory:

Hand Weapons
 b - a +0 blowgun
 h - a cursed -1 dagger
 p - a +2 dagger of venom
 q - a +1 short sword of protection
 s - a +2 dagger of electrocution (weapon)
 R - a +2 dagger of freezing
 S - a +1 dagger of draining
Missiles
 e - 56 poisoned needles
Armour
 d - a +0 cloak (worn)
 j - a +1 robe of the Archmagi
 v - a +3 buckler (worn)
 z - the +0 pair of boots of the Eternal Void (worn) {*Drain rElec Regen+ MP-9}
   (You found it on level 4 of the Dungeon)

   It insulates you from electricity.
   It affects your magic capacity (-9).
   It increases your rate of regeneration.
   It causes draining when unequipped.
 B - a +0 helmet (worn)
 T - the +3 ring mail of Pantheism {rF+ rC- Regen+ Stlth+}
   (You found it on level 9 of the Dungeon)

   It protects you from fire.
   It makes you vulnerable to cold.
   It increases your rate of regeneration.
   It makes you more stealthy.
 U - a +2 robe of fire resistance
 X - a +1 robe of magic resistance (worn)
Jewellery
 k - an amulet of regeneration (around neck)
 G - an uncursed ring of fire
 K - a ring of stealth (left hand)
 L - a +5 ring of evasion (right hand)
Wands
 n - a wand of polymorph (33)
 r - a wand of enslavement (11)
 w - a wand of iceblast (7)
 C - a wand of acid (8)
 H - a wand of random effects (16)
 Q - a wand of digging (24)
Scrolls
 f - a scroll of identify
 g - 2 scrolls of teleportation
 i - 2 scrolls of vulnerability
 o - 3 scrolls of fear
 t - 2 scrolls of enchant weapon
 u - a scroll of amnesia
 x - 3 scrolls of blinking
 y - 2 scrolls of immolation
 E - 4 scrolls of enchant armour
 J - 3 scrolls of fog
 Y - a scroll of brand weapon
Potions
 a - a potion of haste
 l - 69 potions of blood
 m - a potion of brilliance
 D - a potion of resistance
 I - a potion of might {unknown}
 O - a potion of flight
 W - 2 potions of heal wounds
 Z - a potion of curing
Miscellaneous
 V - a lightning rod (4/4)


   Skills:
 * Level 9.5 Fighting
 + Level 13.5 Short Blades
 - Level 2.2 Throwing
 - Level 6.0 Armour
 - Level 10.0 Dodging
 + Level 14.6 Stealth
 - Level 5.3 Shields
 + Level 5.2 Invocations
 - Level 3.2 Evocations


You had 12 spell levels left.
You didn't know any spells.

Dungeon Overview and Level Annotations

Branches:
Dungeon (11/15)            Temple (1/1) D:7            Lair (1/6) D:8
    Orc (2/2) D:11            Elf (0/3) Orc:2

Altars:
Ashenzari
Cheibriados
Dithmenos
Elyvilon
Fedhas
Gozag
Hepliaklqana
Kikubaaqudgha
Makhleb
Nemelex Xobeh
Okawaru
Qazlal
Ru
Sif Muna
Trog
Uskayaw
Vehumet
Wu Jian
Xom
Yredelemnul
Zin
The Shining One
Beogh

Shops:
D:8 =   D:10 ?   Orc:1 (%[   Orc:2 !%

Annotations:
Orc:2 Saint Roka


Innate Abilities, Weirdness & Mutations

You have razor-sharp teeth.
You have supernaturally acute eyesight. (SInv)
You can survive without breathing.


Message History

Here: a wolf spider simulacrum The floor.
Put on which piece of jewellery? (? for menu, Esc to quit)
Okay, then.
Unknown command.
You are confused.
You feel invigorated.
The wolf spider simulacrum closely misses you.
The wolf spider simulacrum bites you.
* * * LOW HITPOINT WARNING * * *
The wolf spider simulacrum freezes you!
* * * LOW HITPOINT WARNING * * *
The polar bear simulacrum bites you but does no damage.
The polar bear simulacrum closely misses you.
The polar bear simulacrum completely misses you.
You hit the polar bear simulacrum.
The polar bear simulacrum is lightly damaged.
The alligator simulacrum closely misses you. x2
The wolf spider simulacrum hits you!
You die...

#### ### ##..##
##..##....##
##......Z...#
#.......Z@∩.#
#....##...Z...#
##. ###....##
##..## ####


You could see an alligator simulacrum, a polar bear simulacrum and a wolf spider
simulacrum.

Vanquished Creatures
  The ghost of destino the Impaler, a journeyman MfSu of Okawaru (D:11)
  Harold (Lair:1)
  A hydra (D:11)
  A centaur warrior (D:8)
  10 two-headed ogres
  The ghost of RaHiT the Nimble, a novice DsCK of Xom (D:9)
  3 death yaks
  An orc high priest (Orc:2)
  The ghost of subsebi the Cleaver, a novice DsCK of Xom (D:7)
  An unseen horror (D:10)
  7 orc knights
  5 orc sorcerers
  An ugly thing (D:11)
  Psyche (D:9)
  A water nymph (D:3)
  Joseph (D:9)
  A spiny frog (Lair:1)
  A komodo dragon (Lair:1)
  5 trolls
  The ghost of Bal the Grave Robber, an amateur GnNe (D:3)
  A slime creature (D:5)
  A hippogriff (D:8)
  A spriggan (D:7)
  A wyvern (D:11)
  A vampire (D:9)
  Grum (D:11)
  7 yaks
  2 basilisks
  2 hungry ghosts
  7 wargs
  Edmund (D:5)
  An acid dragon (D:8)
  3 porcupines (Lair:1)
  An eye of draining (D:11)
  4 ice beasts
  33 orc warriors
  7 sky beasts
  2 phantoms
  17 ogres
  3 wolves (D:11)
  A centaur (D:10)
  A necrophage (D:10)
  A gnoll sergeant (D:8)
  10 bullfrogs
  3 big kobolds (D:5)
  2 scorpions
  29 killer bees
  A swamp dragon simulacrum (IceCv)
  3 wights (D:8)
  8 electric eels
  13 howler monkeys
  6 crimson imps
  A human zombie (D:6)
  5 jellies
  A bullfrog zombie (D:8)
  6 hounds
  A quasit (D:11)
  28 orc priests
  15 orc wizards
  Jessica (D:2)
  3 iguanas
  Natasha (thrice) (D:3)
  7 worker ants
  A hound skeleton (D:8)
  Robin (D:4)
  3 howler monkey skeletons
  13 gnolls
  6 adders
  2 shadow imps
  4 oozes
  A worm zombie (D:6)
  An adder skeleton (D:8)
  4 worms
  2 dart slugs
  2 leopard geckos
  111 orcs
  2 bats
  13 giant cockroaches
  A gnoll zombie (D:6)
  10 goblins
  7 hobgoblins
  8 jackals
  19 kobolds
  4 quokkas
  12 frilled lizards
  2 leopard gecko skeletons
  A quokka skeleton (D:4)
  8 rats
528 creatures vanquished.

Vanquished Creatures (collateral kills)
  A warg (D:11)
  An orc (D:11)
2 creatures vanquished.

Vanquished Creatures (others)
  An unseen horror (D:11)
  2 orc warriors (D:11)
  An orc wizard (Orc:1)
  An orc (Orc:1)
  A fungus (D:5)
  A plant (D:9)
  6 toadstools (D:5)
13 creatures vanquished.

Grand Total: 543 creatures vanquished

Notes
Turn   | Place    | Note
-------+----------+-------------------------------------------
     0 | D:1      | RaHiT the Vampire Assassin began the quest for the Orb.
     0 | D:1      | Reached XP level 1. HP: 16/16 MP: 1/1
    60 | D:1      | Found an iron altar of Okawaru.
    99 | D:1      | Reached skill level 6 in Stealth
   162 | D:1      | Reached XP level 2. HP: 22/22 MP: 2/2
   659 | D:2      | Found an ornate altar of the Wu Jian Council.
   660 | D:2      | Noticed Jessica
   667 | D:2      | Killed Jessica
   667 | D:2      | Reached XP level 3. HP: 27/27 MP: 3/3
   809 | D:1      | Reached skill level 7 in Stealth
   809 | D:1      | Reached XP level 4. HP: 33/33 MP: 4/4
  1258 | D:2      | Reached skill level 1 in Shields
  1258 | D:2      | Reached XP level 5. HP: 35/38 MP: 5/5
  1357 | D:3      | Noticed Natasha
  1365 | D:3      | Killed Natasha
  1482 | D:3      | Found a glowing golden altar of the Shining One.
  1594 | D:3      | Noticed a sky beast
  1602 | D:3      | Noticed Bal's ghost (amateur GnNe)
  1642 | D:3      | Killed a sky beast
  1642 | D:3      | Reached XP level 6. HP: 35/44 MP: 6/6
  1673 | D:3      | Noticed Natasha
  2176 | D:3      | Killed Natasha
  2428 | D:3      | Killed Bal's ghost
  2428 | D:3      | Reached skill level 5 in Shields
  2428 | D:3      | Reached XP level 7. HP: 40/50 MP: 7/7
  2537 | D:3      | Noticed Natasha
  2553 | D:3      | Killed Natasha
  3113 | D:4      | Reached skill level 8 in Stealth
  3149 | D:4      | Got a pair of fine boots
  3155 | D:4      | Identified the cursed +0 pair of boots of the Eternal Void {*Drain rElec Regen+ MP-9} (You found it on level 4 of the Dungeon)
  3395 | D:4      | Noticed Robin
  3436 | D:4      | Killed Robin
  3552 | D:5      | Entered Level 5 of the Dungeon
  3574 | D:5      | Reached XP level 8. HP: 40/57 MP: 0/8
  3717 | D:5      | Noticed Edmund
  3743 | D:5      | Killed Edmund
  3743 | D:5      | Reached skill level 5 in Short Blades
  3770 | D:5      | Noticed a moth of wrath
  3792 | D:5      | Found a bloodstained altar of Trog.
  4084 | D:5      | Noticed a slime creature
  4084 | D:5      | Noticed a slime creature
  4084 | D:5      | Noticed a slime creature
  4085 | D:5      | Killed a slime creature
  4085 | D:5      | Reached skill level 9 in Stealth
  4192 | D:3      | Noticed a water nymph
  4192 | D:3      | a slime creature changed into a water nymph
  4215 | D:3      | HP: 1/60 [water nymph/the raging water (12)]
  4243 | D:3      | Killed a water nymph
  4506 | D:5      | Noticed a shock serpent
  4506 | D:5      | a slime creature changed into a shock serpent
  4682 | D:5      | Reached XP level 9. HP: 41/65 MP: 0/9
  5000 | D:6      | Found a shattered altar of Ashenzari.
  5055 | D:6      | Found a hazy altar of Hepliaklqana.
  5165 | D:6      | Reached skill level 5 in Dodging
  5244 | D:6      | Found a stormy altar of Qazlal.
  5251 | D:6      | Found a deep blue altar of Sif Muna.
  5252 | D:6      | Found a hazy altar of Hepliaklqana.
  5256 | D:6      | Found a snail-covered altar of Cheibriados.
  5453 | D:6      | Found a sacrificial altar of Ru.
  5998 | D:6      | Reached skill level 10 in Stealth
  6083 | D:7      | Noticed subsebi's ghost (novice DsCK)
  6092 | D:6      | Reached skill level 1 in Evocations
  6145 | D:7      | Found a white marble altar of Elyvilon.
  6216 | D:7      | Killed subsebi's ghost
  6216 | D:7      | Reached skill level 5 in Fighting
  6746 | D:7      | Reached XP level 10. HP: 49/74 MP: 2/11
  6769 | D:7      | Reached skill level 11 in Stealth
  6867 | D:7      | Found a staircase to the Ecumenical Temple.
  6876 | Temple   | Entered the Ecumenical Temple
  7349 | D:8      | Found a staircase to the Lair.
  7349 | D:8      | Noticed a death yak
  7618 | D:8      | Found Tatyd's Jewellery Boutique.
  7673 | D:8      | Noticed a centaur warrior
  7894 | D:8      | Killed a death yak
  7894 | D:8      | Reached skill level 1 in Armour
  7967 | D:8      | Noticed a death yak
  7999 | D:8      | Noticed a death yak
  8083 | D:7      | Killed a death yak
  8083 | D:7      | Reached skill level 10 in Short Blades
  8427 | D:8      | Killed a death yak
  8427 | D:8      | Reached skill level 12 in Stealth
  8625 | D:8      | Killed a centaur warrior
  8625 | D:8      | Reached XP level 11. HP: 66/81 MP: 4/13
  9100 | D:9      | Noticed a two-headed ogre
  9109 | D:9      | Killed a two-headed ogre
  9127 | D:9      | Noticed Joseph
  9178 | D:9      | Killed Joseph
  9283 | D:9      | Noticed RaHiT's ghost (novice DsCK)
  9346 | D:9      | Killed RaHiT's ghost
  9391 | D:9      | Noticed a dagger
  9392 | D:9      | Noticed a hand axe
  9396 | D:9      | Found a hide-covered altar of Uskayaw.
  9407 | D:9      | Became a worshipper of Uskayaw the Reveler
  9441 | D:9      | Reached * piety under Uskayaw
  9551 | D:9      | Noticed Psyche
  9554 | D:9      | Killed Psyche
  9592 | D:9      | Reached ** piety under Uskayaw
  9610 | D:9      | Reached *** piety under Uskayaw
  9672 | D:9      | Got a brightly glowing ring mail
  9683 | D:9      | Identified the +3 ring mail of Pantheism {rF+ rC- Regen+ Stlth+} (You found it on level 9 of the Dungeon)
  9894 | D:9      | Noticed a two-headed ogre
  9911 | D:9      | Killed a two-headed ogre
  9992 | D:10     | Entered Level 10 of the Dungeon
  9992 | D:10     | Found Icaist's Magic Scroll Emporium.
 10264 | D:10     | Noticed an unseen horror
 10292 | D:10     | Killed an unseen horror
 10309 | D:10     | Reached skill level 1 in Invocations
 10346 | D:10     | Found a burning altar of Makhleb.
 10346 | D:10     | Noticed a cacodemon
 10397 | D:10     | Reached skill level 5 in Armour
 10687 | D:11     | Noticed a two-headed ogre
 10689 | D:11     | Killed a two-headed ogre
 10697 | D:11     | Noticed an unseen horror
 10784 | D:11     | Killed an unseen horror
 10865 | D:11     | Noticed destino's ghost (journeyman MfSu)
 11060 | D:11     | Reached XP level 12. HP: 89/89 MP: 5/14
 11062 | D:11     | Noticed a five-headed hydra
 11081 | D:11     | Killed destino's ghost
 11186 | D:11     | Noticed Grum
 11213 | D:11     | Killed Grum
 11385 | D:11     | Reached **** piety under Uskayaw
 11835 | D:11     | Found a staircase to the Orcish Mines.
 11989 | D:11     | Killed a five-headed hydra
 11989 | D:11     | Reached skill level 13 in Stealth
 12282 | Orc:1    | Entered Level 1 of the Orcish Mines
 12284 | Orc:1    | Noticed a two-headed ogre
 12831 | D:11     | Killed a two-headed ogre
 13055 | Orc:1    | Paralysed by an orc sorcerer for 2 turns
 13209 | Orc:1    | Found Noguk's Armour Shop.
 13246 | Orc:1    | Found Sil Egga's Food Emporium.
 13268 | Orc:1    | Found Kionkoz's Weapon Shop.
 13567 | Orc:2    | Entered Level 2 of the Orcish Mines
 13708 | Orc:2    | Noticed a two-headed ogre
 13718 | Orc:2    | Noticed a two-headed ogre
 13745 | Orc:2    | Killed a two-headed ogre
 13798 | Orc:2    | Killed a two-headed ogre
 14038 | Orc:2    | Noticed a two-headed ogre
 14080 | Orc:2    | Killed a two-headed ogre
 14278 | Orc:2    | Noticed an orc high priest
 14298 | Orc:2    | Killed an orc high priest
 14455 | Orc:2    | Reached XP level 13. HP: 98/98 MP: 7/16
 14833 | Orc:2    | Found a staircase to the Elven Halls.
 14889 | Orc:2    | Paralysed by an orc sorcerer for 4 turns
 14894 | Orc:2    | Reached skill level 14 in Stealth
 14911 | Orc:2    | Got a pitted halberd
 14917 | Orc:2    | Identified the cursed +0 halberd "Tyhar" {elec, Dex+2 SInv} (You found it on level 2 of the Orcish Mines)
 14970 | Orc:2    | Gained mutation: Your body sometimes deteriorates upon taking damage. [potion of mutation]
 14970 | Orc:2    | Gained mutation: You have large cloven feet. [potion of mutation]
 14980 | Orc:2    | Lost mutation: Your body sometimes deteriorates upon taking damage. [potion of mutation]
 14980 | Orc:2    | Lost mutation: You have large cloven feet. [potion of mutation]
 14980 | Orc:2    | Gained mutation: Your spells are a little easier to cast, but a little less powerful. [potion of mutation]
 14980 | Orc:2    | Lost mutation: Your spells are a little easier to cast, but a little less powerful. [potion of mutation]
 15157 | Orc:2    | Noticed Saint Roka
 15306 | Orc:2    | Found a roughly hewn altar of Beogh.
 15369 | Orc:2    | Reached ***** piety under Uskayaw
 15372 | Orc:2    | Reached skill level 10 in Dodging
 15466 | Orc:2    | Found Qedgh's Distillery.
 15480 | Orc:2    | Found Yxaenga's Food Shoppe.
 15945 | Lair:1   | Entered Level 1 of the Lair of Beasts
 15987 | Lair:1   | Noticed Harold
 15994 | Lair:1   | Killed Harold
 15994 | Lair:1   | Reached skill level 5 in Invocations
 16143 | Lair:1   | Found a frozen archway.
 16184 | IceCv    | Entered an ice cave
 16200 | IceCv    | Slain by a wolf spider simulacrum

Skill      XL: |  1  2  3  4  5  6  7  8  9 10 11 12 13 |
---------------+----------------------------------------+-----
Stealth        | 6 7 8 9 10 12 13 14 | 14.6
Fighting       | 2 4 5 6 8 9 |  9.5
Throwing       | 2 |  2.2
Dodging        | 2 3 4 6 7 9 10 | 10.0
Short Blades   | 3 4 6 8 11 12 13 | 13.5
Shields        | 1 3 5 |  5.3
Evocations     | 2 3 |  3.2
Armour         | 3 5 6 |  6.0
Invocations    | 2 4 5 |  5.2

Action                   |  1- 3 |  4- 6 |  7- 9 | 10-12 | 13-15 || total
-------------------------+-------+-------+-------+-------+-------++-------
Melee: Dagger            |    71 |   133 |   452 |  1490 |   378 ||  2524
       Bite              |     5 |    36 |    62 |   216 |    37 ||   356
       Short sword       |       |   134 |   147 |   242 |       ||   523
       Unarmed           |       |    14 |       |    16 |       ||    30
 Fire: Blowgun           |     6 |       |    14 |   118 |    12 ||   150
Throw: Tomahawk          |       |       |     6 |     7 |       ||    13
       Throwing net      |       |       |       |     1 |       ||     1
Invok: Stomp             |       |       |       |     2 |       ||     2
 Abil: End Transformatio |       |       |       |     3 |     2 ||     5
       Bat Form          |       |       |       |     3 |     2 ||     5
Evoke: Wand              |       |       |    14 |    15 |    10 ||    39
       Lightning rod     |       |       |       |     4 |     1 ||     5
  Use: Potion            |     5 |     4 |    13 |    19 |    16 ||    57
       Scroll            |       |    10 |     7 |     7 |     3 ||    27
 Stab: Sleeping          |     5 |    14 |    24 |    38 |    21 ||   102
       Distracted        |       |       |     1 |     2 |       ||     3
       Paralysed         |       |       |       |    12 |    16 ||    28
Armor: Robe              |    27 |    38 |    34 |       |     2 ||   101
       Leather armour    |       |       |    41 |    25 |       ||    66
       Ring mail         |       |       |       |   135 |    35 ||   170
       Acid dragon scale |       |       |       |     6 |       ||     6
Dodge: Dodged            |    51 |    73 |   185 |   785 |   156 ||  1250
Block: Buckler           |       |    60 |   165 |   446 |    77 ||   748
